 Dungeon Crawl Stone Soup version 0.17.0-57-g0e89251 (webtiles) character file.

102606 JokEr the Warrior (level 16, -6/118 HPs)
             Began as a Gargoyle Berserker on Dec 7, 2015.
             Was the Champion of Trog.
             Blown up by an orb spider (34 damage)
             ... with a wavering orb of destruction
             ... on level 4 of the Spider Nest.
             The game lasted 02:18:22 (29810 turns).

JokEr the Warrior (Gargoyle Berserker)             Turns: 29810, Time: 02:18:22

Health: -6/118     AC: 31    Str: 31    XL:     16   Next: 33%
Magic:  16/16      EV:  3    Int:  9    God:    Trog [******]
Gold:   1580       SH:  0    Dex:  6    Spells: 0 memorised, 15 levels left

rFire  + + +     SeeInvis .     L - +7 great mace of Disaster {freeze, rElec rF+ rC+ Dex-3}
rCold  + + .     Clarity  .     t - +2 plate armour {rF+}
rNeg   + . .     SustAt   .     (shield currently unavailable)
rPois  ∞         Gourm    .     (no helmet)
rElec  +         Spirit   .     (no cloak)
rCorr  +         Warding  .     I - +2 pair of gloves {archery}
rMut   .         Stasis   .     (no boots)
MR     +....                    r - amulet of regeneration
Stlth  ..........               (no ring)
                                s - +4 ring of strength

@: exhausted, resistant, very slightly contaminated, somewhat resistant to
hostile enchantments, extremely unstealthy
A: big wings, blurry vision 1, negative energy resistance 1, electricity
resistance, unbreathing, petrification resistance, rot immunity, AC +11
a: Fly, Berserk, Trog's Hand, Brothers in Arms, Burn Spellbooks, Renounce
Religion


You were on level 4 of the Spider Nest.
You worshipped Trog.
Trog was exalted by your worship.
You were not hungry.

You visited 4 branches of the dungeon, and saw 28 of its levels.

You collected 3140 gold pieces.
You spent 1560 gold pieces at shops.

Inventory:

Hand Weapons
 f - a +6 great mace of protection
 k - a +2 antimagic great mace
 L - the +7 great mace of Disaster (weapon) {freeze, rElec rF+ rC+ Dex-3}
   (Trog gifted it to you on level 3 of the Spider Nest)

   It has been specially enchanted to freeze those struck by it, causing extra
   injury to most foes and up to half again as much damage against particularly
   susceptible opponents.
   It can also slow down cold-blooded creatures.
   It affects your dexterity (-3).
   It protects you from fire.
   It protects you from cold.
   It insulates you from electricity.
 T - a +1 antimagic great mace
Armour
 t - a +2 plate armour of fire resistance (worn)
 I - a +2 pair of gloves of archery (worn)
Jewellery
 r - an amulet of regeneration (around neck)
 s - a +4 ring of strength (left hand)
 w - an uncursed ring of magical power
 x - an uncursed amulet of clarity
 H - an uncursed ring of protection from magic
 M - an uncursed ring of protection from fire
 P - an uncursed ring of protection from cold
Wands
 a - a wand of flame (30)
 d - a wand of confusion (28)
 e - a wand of digging (15)
 g - a wand of magic darts (21)
 h - a wand of random effects (19)
 j - a wand of disintegration (7)
 y - a wand of polymorph (24)
 C - a wand of paralysis (7)
 R - a wand of draining (2)
 S - a wand of fire (9)
Scrolls
 i - 3 scrolls of magic mapping
 l - 2 scrolls of fog
 m - 3 scrolls of identify
 z - 12 scrolls of remove curse
 O - 2 scrolls of recharging
Potions
 c - 3 potions of invisibility
 p - 2 potions of cure mutation
 q - 6 potions of brilliance
 u - a potion of curing
 v - 2 potions of cancellation
 B - a potion of poison
 E - 5 potions of might
 J - a potion of agility
 Z - a potion of berserk rage
Miscellaneous
 b - a lantern of shadows
Comestibles
 n - a meat ration
 F - 6 fruits
 N - a slice of pizza
 Q - 6 bread rations
 W - 2 beef jerkies
 X - a royal jelly


   Skills:
 + Level 19.6 Fighting
 + Level 18.3 Maces & Flails
 - Level 10.8 Armour
 - Level 1.5 Dodging


You had 15 spell levels left.
You didn't know any spells.

Dungeon Overview and Level Annotations

Branches:
Dungeon (12/15)            Temple (0/1) D:6            Lair (8/8) D:8
  Swamp (0/4) Lair:3       Spider (4/4) Lair:6        Slime (0/6) Lair:6
    Orc (4/4) D:12            Elf (0/3) Orc:3

Altars:
Ashenzari
Gozag
Kikubaaqudgha
Nemelex Xobeh
Okawaru
Ru
Sif Muna
Trog
Vehumet
Yredelemnul
Zin
The Shining One
Beogh
Jiyva

Shops:
D:11 (   Orc:4 !%!=

Annotations:
Lair:6 exclusion: ice statue
Lair:7 exclusion: oklob plant


Innate Abilities, Weirdness & Mutations

You are resistant to torment.
Your stone body is resilient (AC +11).
You are immune to poison.
Your large and strong wings let you fly indefinitely.
You resist negative energy.
You are resistant to electric shocks.
You can survive without breathing.
You are immune to petrification.
You are immune to rotting.
Scrolls take you a little longer to read.


Message History

Okay, then.
Press: ? - help, v - describe, . - travel
Here: an orb spider (grey smoke, lightly wounded, clinging)
The floor.
Drink which item? (? for menu, Esc to quit)
You fade into invisibility!
You are very lightly contaminated with residual magic.
The orb spider spins a strand of pure energy.
The orb spider weaves a glowing orb of energy.
The orb of destruction hits a rock wall.
The rock wall explodes into countless fragments.
The orb spider spins a strand of pure energy.
You flicker for a moment.
You found a web!
You feel yourself speed up.
You flicker back into view.
The orb spider weaves a glowing orb of energy.
There is a stone staircase leading up here.
The wavering orb of destruction hits you!
You die...

.......#..........#..........#...
..#.......#........#^..^........#
.....#..#..#.#...........#.......
^..##...#.#...#..<.#...#...#.....
§§§........^....#....#...#.......
§..§.#...........#..#.....#..#.#.
....^..#.#.^.s#^..#...#.......^#.
#....#.^#.[#..s....#......#......
.........^#...#§@.........#......
...#..s..#......#........#.....#^
......#....#..#........#....#...#
......^.#.......#......^...^#..##
....§#............#...#.....^###
....................#..#####.#
........#.........#.#...# ###
.#..........#......###..#
....#..†#...#.<....# ####


You could see 2 orb spiders.

Vanquished Creatures
  Nikola (Spider:4)
  Kirke (Lair:6)
  A ghost moth (Spider:3)
  3 emperor scorpions (Spider:3)
  Nessos (Lair:5)
  Snorg (D:11)
  10 hydras
  Harold (Lair:1)
  An entropy weaver (Spider:3)
  The ghost of AAAAA the Fighter, a journeyman TeBe of Trog (D:10)
  5 death yaks
  5 orc high priests (Orc:4)
  A hill giant (D:10)
  Pikel (D:6)
  4 orb spiders
  A hornet (Spider:3)
  An orc sorcerer (Orc:3)
  18 wolf spiders
  A necromancer (Lair:2)
  A cyclops (D:12)
  9 orc knights
  2 griffons
  2 manticores
  2 moths of wrath
  9 elephants
  3 torpor snails
  A gargoyle (D:12)
  5 black mambas
  The ghost of Nicoed the Sneak, a novice OpAs (D:5)
  10 komodo dragons
  12 spiny frogs
  6 demonic crawlers
  9 jumping spiders
  A polar bear (Lair:6)
  A freezing wraith (Lair:6)
  3 two-headed ogres
  3 fire drakes
  15 blink frogs
  Prince Ribbit (Lair:1)
  A troll (D:6)
  A boulder beetle (Spider:4)
  The ghost of cada the Skirmisher, an amateur OgFi (D:4)
  Sigmund (D:4)
  5 trapdoor spiders
  25 yaks
  A shadow (D:8)
  A water elemental (D:12)
  A deep elf mage (D:11)
  25 redbacks
  5 basilisks
  3 wyverns
  Grum (D:8)
  A steam dragon (D:11)
  3 hogs (Lair:6)
  9 hippogriffs
  The ghost of Nicoed the Charmwright, an amateur FoSk of the Shining One (D:3)
  12 tarantellas
  2 hungry ghosts (D:9)
  A warg (Orc:2)
  5 swamp worms (Lair:3)
  37 wolves
  13 water moccasins
  A soldier ant (D:11)
  Duvessa (D:6)
  36 orc warriors
  17 spiders
  11 porcupines
  10 ice beasts
  3 phantoms
  3 sky beasts
  2 eyes of draining (D:10)
  2 wasps
  4 black bears
  11 crocodiles
  5 centaurs
  12 ogres
  2 big kobolds
  19 giant frogs
  2 wyvern skeletons
  Dowan (D:6)
  5 scorpions
  16 killer bees
  7 electric eels
  3 centaur zombies
  14 crimson imps
  2 giant frog zombies (D:9)
  3 centaur skeletons
  2 jellies (D:6)
  Crazy Yiuf (D:6)
  43 orc priests
  7 hounds
  26 orc wizards
  A quasit (D:6)
  5 giant frog skeletons
  20 iguanas
  3 yak simulacra (Lair:2)
  2 wolf simulacra (Lair:2)
  2 polar bear simulacra (Lair:2)
  11 worker ants
  23 sheep
  A hound zombie (D:5)
  A hound skeleton (D:4)
  7 gnolls
  52 river rats
  15 adders
  3 white imps
  4 shadow imps
  An adder skeleton (D:8)
  8 giant geckos
  177 orcs
  A ball python (D:8)
  7 giant cockroaches
  7 hobgoblins
  9 jackals
  23 kobolds
  6 quokkas
  A ball python skeleton (D:5)
  10 bats
  5 giant newts
  4 goblins
  A quokka zombie (D:10)
  9 rats
  4 river rat simulacra (Lair:2)
  A spectral orc (D:3)
1004 creatures vanquished.

Vanquished Creatures (others)
  A trapdoor spider (Spider:3)
  A human (Lair:6)
  A slave (D:7)
  A worker ant (D:6)
  A river rat (Lair:1)
  A jackal (D:11)
  A quokka (D:7)
  11 fungi
  6 plants (Lair:8)
24 creatures vanquished.

Grand Total: 1028 creatures vanquished

Notes
Turn   | Place    | Note
--------------------------------------------------------------
     0 | D:1      | JokEr the Gargoyle Berserker began the quest for the Orb.
     0 | D:1      | Reached XP level 1. HP: 14/14 MP: 1/1
   405 | D:1      | Reached XP level 2. HP: 14/19 MP: 2/2
   659 | D:1      | Reached ** piety under Trog
   748 | D:1      | Reached XP level 3. HP: 20/24 MP: 3/3
   815 | D:1      | Reached skill level 4 in Fighting
  1467 | D:3      | Reached XP level 4. HP: 30/30 MP: 4/4
  1690 | D:3      | Noticed Nicoed's ghost (amateur FoSk)
  1704 | D:3      | Killed Nicoed's ghost
  1704 | D:3      | Reached skill level 5 in Fighting
  1704 | D:3      | Reached XP level 5. HP: 26/35 MP: 5/5
  2004 | D:3      | Reached skill level 5 in Maces & Flails
  2008 | D:3      | Reached XP level 6. HP: 25/40 MP: 6/6
  2295 | D:3      | Found a basalt altar of Yredelemnul.
  2493 | D:3      | Reached *** piety under Trog
  2920 | D:3      | Found an iron altar of Okawaru.
  2920 | D:3      | Found an ancient bone altar of Kikubaaqudgha.
  2920 | D:3      | Found a glowing golden altar of the Shining One.
  3164 | D:4      | Reached skill level 6 in Fighting
  3209 | D:4      | Noticed Sigmund
  3218 | D:4      | Killed Sigmund
  3218 | D:4      | Reached XP level 7. HP: 47/47 MP: 7/7
  3267 | D:4      | Noticed cada's ghost (amateur OgFi)
  3279 | D:4      | Killed cada's ghost
  3279 | D:4      | Reached skill level 7 in Fighting
  3687 | D:4      | Reached XP level 8. HP: 53/53 MP: 8/8
  3706 | D:4      | Found an opulent altar of Gozag.
  3874 | D:4      | Reached **** piety under Trog
  3944 | D:4      | Reached skill level 8 in Fighting
  4270 | D:5      | Entered Level 5 of the Dungeon
  4402 | D:5      | Found a bloodstained altar of Trog.
  4414 | D:5      | Noticed Nicoed's ghost (novice OpAs)
  4421 | D:5      | Killed Nicoed's ghost
  4679 | D:5      | Found a deep blue altar of Sif Muna.
  4788 | D:6      | Reached skill level 9 in Fighting
  4827 | D:6      | Found a radiant altar of Vehumet.
  4829 | D:6      | Noticed Dowan
  4837 | D:6      | Killed Dowan
  4840 | D:6      | Noticed Duvessa
  4848 | D:6      | Killed Duvessa
  4848 | D:6      | Reached XP level 9. HP: 57/60 MP: 9/9
  4935 | D:6      | Found a sparkling altar of Nemelex Xobeh.
  5099 | D:6      | Noticed a troll
  5117 | D:6      | Killed a troll
  5211 | D:6      | Noticed Pikel
  5228 | D:6      | Killed Pikel
  5228 | D:6      | Reached skill level 10 in Fighting
  5408 | D:6      | Found a staircase to the Ecumenical Temple.
  5537 | D:6      | Noticed Crazy Yiuf
  5541 | D:6      | Killed Crazy Yiuf
  5869 | D:7      | Reached skill level 10 in Maces & Flails
  5963 | D:7      | Reached ***** piety under Trog
  6156 | D:7      | Reached skill level 11 in Fighting
  6156 | D:7      | Reached XP level 10. HP: 61/69 MP: 10/10
  6262 | D:7      | Found a glowing silver altar of Zin.
  6948 | D:8      | Noticed Grum
  6981 | D:8      | Killed Grum
  7126 | D:8      | Found a sacrificial altar of Ru.
  7324 | D:8      | Found a shattered altar of Ashenzari.
  7418 | D:8      | Reached skill level 12 in Fighting
  7536 | D:8      | Found a staircase to the Lair.
  8199 | D:8      | Noticed a manticore
  8209 | D:8      | Killed a manticore
  8807 | D:9      | Reached XP level 11. HP: 74/76 MP: 11/11
  9096 | D:9      | Reached skill level 13 in Fighting
  9360 | D:10     | Entered Level 10 of the Dungeon
  9423 | D:10     | Noticed AAAAA's ghost (journeyman TeBe)
  9446 | D:10     | Killed AAAAA's ghost
  9759 | D:10     | Reached ****** piety under Trog
  9937 | D:10     | Noticed a hill giant
  9948 | D:10     | Killed a hill giant
 10007 | D:10     | Received a gift from Trog
 10188 | D:10     | Noticed a six-headed hydra
 10204 | D:10     | Killed a six-headed hydra
 10356 | D:10     | Found a glowing silver altar of Zin.
 10791 | D:11     | Noticed Snorg
 10806 | D:11     | Killed Snorg
 10997 | D:11     | Found Cumig's Antique Weapon Shop.
 11002 | D:11     | Bought a glowing great mace for 182 gold pieces
 11189 | D:11     | Reached skill level 5 in Armour
 11273 | D:11     | Reached XP level 12. HP: 81/84 MP: 12/12
 11479 | D:11     | Found Cumig's Antique Weapon Shop.
 11675 | Lair:1   | Entered Level 1 of the Lair of Beasts
 11711 | Lair:1   | Received a gift from Trog
 11754 | Lair:1   | Noticed Harold
 11773 | Lair:1   | Killed Harold
 11895 | Lair:1   | Noticed Prince Ribbit
 11930 | Lair:1   | Killed Prince Ribbit
 12489 | Lair:2   | Reached skill level 10 in Armour
 13450 | Lair:3   | Reached skill level 14 in Fighting
 13763 | Lair:3   | Received a gift from Trog
 13806 | Lair:3   | Found a staircase to the Swamp.
 13993 | Lair:3   | Reached XP level 13. HP: 78/91 MP: 13/13
 14805 | Lair:4   | Reached skill level 15 in Fighting
 15814 | Lair:5   | Found a frozen archway.
 15830 | Lair:5   | Noticed Nessos
 16128 | Lair:6   | Found a viscous altar of Jiyva.
 16128 | Lair:6   | Found a staircase to the Slime Pits.
 16130 | Lair:6   | Found a hole to the Spider Nest.
 16152 | Lair:6   | Received a gift from Trog
 16298 | Lair:6   | Noticed Kirke
 16311 | Lair:6   | Killed Kirke
 16880 | Lair:7   | Reached skill level 16 in Fighting
 16963 | Lair:7   | Reached skill level 15 in Maces & Flails
 16973 | Lair:7   | Gained mutation: Your large and strong wings let you fly indefinitely. [Gargoyle growth]
 16973 | Lair:7   | Reached XP level 14. HP: 39/100 MP: 14/14
 18452 | Lair:8   | Entered Level 8 of the Lair of Beasts
 18864 | Lair:8   | Received a gift from Trog
 19119 | Lair:8   | Reached skill level 17 in Fighting
 19845 | Lair:7   | Received a gift from Trog
 20742 | D:12     | Found a roughly hewn altar of Beogh.
 20866 | D:12     | Found a staircase to the Orcish Mines.
 21366 | Orc:1    | Entered Level 1 of the Orcish Mines
 21517 | Orc:1    | Received a gift from Trog
 21725 | Orc:1    | Found a bloodstained altar of Trog.
 21869 | Orc:1    | Found a roughly hewn altar of Beogh.
 22320 | Orc:2    | Received a gift from Trog
 22435 | Orc:3    | Found a staircase to the Elven Halls.
 22492 | Orc:3    | Paralysed by an orc sorcerer for 5 turns
 23206 | Orc:4    | Entered Level 4 of the Orcish Mines
 23213 | Orc:4    | Reached XP level 15. HP: 108/108 MP: 15/15
 23736 | Orc:4    | Received a gift from Trog
 23873 | Orc:4    | Found a roughly hewn altar of Beogh.
 24418 | Orc:4    | Reached skill level 18 in Fighting
 24424 | Orc:4    | Gained mutation: Scrolls take you a little longer to read. [a neqoxec]
 24928 | Orc:4    | Found Ryriwiti's Distillery.
 24928 | Orc:4    | Found Tawkyxt's Jewellery Emporium.
 24929 | Orc:4    | Found Puog's Distillery.
 24929 | Orc:4    | Found Kuolofom's Food Shoppe.
 24936 | Orc:4    | Bought a potion of curing for 45 gold pieces
 24936 | Orc:4    | Bought a potion of might for 60 gold pieces
 24936 | Orc:4    | Bought a potion of curing for 45 gold pieces
 24936 | Orc:4    | Bought 2 potions of might for 120 gold pieces
 24937 | Orc:4    | Bought a potion of heal wounds for 70 gold pieces
 24937 | Orc:4    | Bought a potion of haste for 140 gold pieces
 24946 | Orc:4    | Bought the ring "Ithrinkuboa" {*Confuse rF++ rN+++ MP+9 Int+3} for 556 gold pieces
 24948 | Orc:4    | Bought a meat ration for 60 gold pieces
 24948 | Orc:4    | Bought a bread ration for 60 gold pieces
 24948 | Orc:4    | Bought a meat ration for 60 gold pieces
 24948 | Orc:4    | Bought a beef jerky for 18 gold pieces
 24948 | Orc:4    | Bought a meat ration for 60 gold pieces
 24948 | Orc:4    | Bought a bread ration for 60 gold pieces
 24948 | Orc:4    | Bought a royal jelly for 24 gold pieces
 25185 | D:10     | Received a gift from Trog
 25410 | Lair:5   | Killed Nessos
 26199 | Spider:1 | Entered Level 1 of the Spider Nest
 28099 | Spider:3 | Received a gift from Trog
 28108 | Spider:3 | Got a dazzling great mace {god gift}
 28215 | Spider:3 | Identified the +7 great mace of Disaster {freeze, rElec rF+ rC+ Dex-3} (Trog gifted it to you on level 3 of the Spider Nest)
 28268 | Spider:3 | Reached skill level 19 in Fighting
 28562 | Spider:3 | Reached XP level 16. HP: 77/116 MP: 16/16
 29193 | Spider:4 | Entered Level 4 of the Spider Nest
 29274 | Spider:4 | Noticed Nikola
 29296 | Spider:4 | Killed Nikola
 29810 | Spider:4 | Blown up by an orb spider

Action                   |  1- 3 |  4- 6 |  7- 9 | 10-12 | 13-15 | 16-18 || total
-------------------------+-------+-------+-------+-------+-------+-------++-------
Melee: Mace              |   175 |   172 |   307 |   498 |       |       ||  1152
       Great mace        |       |       |       |   364 |  1531 |   105 ||  2000
Invok: Berserk           |       |     2 |     3 |    11 |    22 |     3 ||    41
       Burn Spellbooks   |       |     1 |     1 |     3 |     2 |     1 ||     8
 Abil: Fly               |       |       |       |       |       |     1 ||     1
       Stop Flying       |       |       |       |       |       |     1 ||     1
  Use: Scroll            |     6 |     3 |    10 |    12 |    28 |     7 ||    66
       Potion            |       |       |       |     2 |    19 |    10 ||    31
 Stab: Paralysed         |       |       |       |     1 |       |       ||     1
  Eat: Bread ration      |     2 |       |     5 |     6 |     2 |       ||    15
       Pizza             |       |       |       |     4 |       |       ||     4
       Meat ration       |       |       |       |     3 |     8 |     1 ||    12
       Royal jelly       |       |       |       |     1 |       |       ||     1
       Beef jerky        |       |       |       |       |    11 |       ||    11
       Fruit             |       |       |       |       |    21 |       ||    21
